Cogmind - Beta 14 @@@ ROGUE MODE // 2025.03.28 @ 23:12:46 Player: Duduxx Result: Destroyed by G-47 Trooper with Particle Gun Performance ------------- Evolutions (2) 1000 Regions Visited (4) 800 Robots Destroyed (46) 230 Value Destroyed (1615) 1615 Prototype IDs (4) 80 Alien Tech Used (0) 0 Bonus (147) 147 TOTAL SCORE: 3872 Bonus ------- High Alert Combat Kills 37 Follower Combat Kills 110 Cogmind --------- Core Integrity 0/550 Matter 230/300 Energy 11/100 System Corruption 8% Temperature Cool (9) Movement Treading (145) Location -8/Materials Parts ------- > --- POWER (2) -------- (None) > --- PROPULSION (3) --- Advanced Treads > --- UTILITY (4) ------ Cooling System Medium Storage Unit > --- WEAPON (2) ------- Advanced Beam Cannon Hammer > --- INVENTORY (10) --- Shock Rifle EM Pulse Cannon Rocket Launcher Peak State ------------ > --- POWER ------------ Improved Ion Engine Light Nuclear Core > --- PROPULSION ------- Aluminum Leg Carbon-fiber Leg Titanium Leg > --- UTILITY ---------- Improved Heat Sink Medium Storage Unit Weight Redist. System Hardlight Generator > --- WEAPON ----------- EM Pulse Cannon Advanced Beam Cannon > --- INVENTORY -------- Aluminum Leg Improved Heat Sink Cooling System Shock Rifle EM Pulse Cannon Rocket Launcher Hammer [Rating: 28] Favorites ----------- Power Improved Ion Engine Engine Improved Ion Engine Power Core Light Nuclear Core Propulsion Aluminum Leg Treads Light Treads Leg Aluminum Leg Utility Medium Storage Unit Device Improved Heat Sink Storage Medium Storage Unit Processor Targeting Computer Protection Light Armor Plating Weapon Advanced Beam Cannon Energy Gun Improved EM Shotgun Energy Cannon Advanced Beam Cannon Ballistic Gun Assault Rifle Impact Weapon Hammer Build | -11 -10 -9 -9 -8 ------- Run | Yrd Mat Mat Sto Mat Slots Evolved 4 | . . 2 . 2 Power 1 | . . . . 1 Propulsion 1 | . . 1 . . Utility 2 | . . 1 . 1 Weapon . | . . . . . Parts Attached 75 | 6 16 15 5 33 Power 13 | 1 2 2 2 6 Engine 8 | 1 2 2 2 1 Core 5 | . . . . 5 Reactor . | . . . . . Propulsion 19 | 2 3 6 . 8 Treads 8 | 2 3 2 . 1 Leg 11 | . . 4 . 7 Wheel . | . . . . . Hover . | . . . . . Flight . | . . . . . Utility 23 | 1 3 4 2 13 Device 15 | . 2 1 1 11 Storage 3 | 1 1 . . 1 Processor 1 | . . 1 . . Hackware . | . . . . . Protection 4 | . . 2 1 1 Artifact . | . . . . . Weapon 20 | 2 8 3 1 6 Energy Gun 4 | . 2 1 . 1 Energy Cannon 7 | . . 2 1 4 Ballistic Gun 8 | 2 6 . . . Ballistic Cannon . | . . . . . Launcher . | . . . . . Special Weapon . | . . . . . Impact Weapon 1 | . . . . 1 Slashing Weapon . | . . . . . Piercing Weapon . | . . . . . Special Melee Weapon . | . . . . . Unidentified Prototypes 4 | . 1 . 3 . Corrupted Parts 4 | . . 2 . 2 System Corruption 9 | . . 2 . 7 Parts Lost 34 | . 2 6 5 21 Power 6 | . 1 . . 5 Propulsion 11 | . . 2 1 8 Utility 9 | . . 2 2 5 Weapon 8 | . 1 2 2 3 Highest Loss Streak 5 | . 2 2 5 5 To Critical Strikes . | . . . . . Average Slot Usage (%) 84 | . 94 90 97 73 Engine 9 | . 13 10 10 6 Core 1 | . . . . 3 Treads 6 | . 27 6 . . Leg 19 | . . 21 32 20 Device 13 | . 13 3 11 19 Storage 10 | . 14 11 11 8 Processor 2 | . . 9 . . Protection 3 | . . 7 11 1 Energy Gun 5 | . 4 11 9 1 Energy Cannon 8 | . . 5 10 11 Ballistic Gun 4 | . 20 3 . . Peak Build Rating 28 | 6 10 15 19 28 Average Rating 13 | 4 7 12 16 17 On Entrance 8 | . 6 10 15 10 Naked Turns . | . . . . . Heaviest Build 38 | 12 21 32 33 38 Greatest Support 48 | 40 40 40 33 48 Greatest Overweight (x) 6 | 3 . 6 . 1 Average Overweight (x) . | . . . . . Largest Inventory Capacity 10 | 8 10 10 10 10 Average Capacity 9 | 7 8 10 10 9 Most Carried 10 | 1 6 6 10 8 Average Carried 5 | . 4 4 7 5 Final Capacity 10 | 8 10 10 10 10 Final Carried 8 | 1 6 4 8 3 Class Distribution -------------------- 55% | Mutant 44% | Scavenger-Mutant Dominant Class ---------------- Mutant | -10/Materials Scavenger-Mutant | -9/Materials Mutant | -9/Storage Scavenger-Mutant | -8/Materials Resources | -11 -10 -9 -9 -8 ----------- Run | Yrd Mat Mat Sto Mat Matter Collected 956 | 181 132 326 42 275 Remotely . | . . . . . Salvage Created 2082 | . 179 566 334 1003 Parts 107 | . 14 45 17 31 Haulers Intercepted 1 | . . . 1 . Recyclers Shooed 2 | . . . . 2 Parts Field Recycled . | . . . . . Retrieved Matter . | . . . . . Parts Self-Destructed . | . . . . . Prevented . | . . . . . Kills | -11 -10 -9 -9 -8 ------- Run | Yrd Mat Mat Sto Mat Combat Hostiles Destroyed 42 | . 4 15 5 18 Guns 16 | . 4 8 . 4 Cannons 20 | . . 6 3 11 AOE 2 | . . 1 1 . Classes Destroyed 10 | . 1 3 3 3 Hauler 1 | . . . 1 . Recycler 1 | . . . . 1 Operator 1 | . . 1 . . Watcher 1 | . . . 1 . Swarmer 7 | . . 7 . . Grunt 22 | . 4 4 2 12 Brawler 1 | . . . . 1 Duelist 1 | . . . 1 . Sentry 10 | . . 4 2 4 Hunter 1 | . . . . 1 Best Kill Streak 7 | . 4 7 2 4 Combat Bots Only 7 | . 4 7 2 4 Max Kills in Single Turn 1 | . 1 1 1 1 Gunslinging . | . . . . . Exploded 1 | . . 1 1 . Melee . | . . . . . Uniques/NPCs Destroyed . | . . . . . Combat | -11 -10 -9 -9 -8 -------- Run | Yrd Mat Mat Sto Mat Hostile Shots Fired 384 | . 41 79 65 199 Missed 104 | . 4 22 21 57 Damage Taken 3951 | . 406 712 712 2121 Core 806 | . 100 75 79 552 Absorbed by Shields 8 | . . . . 8 Core Remaining (%) 73 | 100 60 . 61 . Volleys Fired 132 | . 12 28 17 75 Largest 2 | . 2 2 2 2 Hottest 136 | . 65 101 113 136 Shots Fired 239 | . 24 51 33 131 Gun 98 | . 24 34 16 24 Cannon 141 | . . 17 17 107 Launcher . | . . . . . Special . | . . . . . Kinetic 31 | . 20 11 . . Thermal 132 | . . . 11 121 Explosive . | . . . . . Electromagnetic 76 | . 4 40 22 10 Robot Hit Streak 14 | . 7 7 11 14 Robot Miss Streak 3 | . 1 2 2 3 Penetration Max . | . . . . . Secondary Targets 5 | . 2 3 . . Max Gunslinging Chain 1 | . 1 1 . . Shots Hit Robots 191 | . 19 41 27 104 Core Hits 69 | . 6 24 11 28 Critical Kills 1 | . . . 1 . Critical Parts Destroyed 1 | . . . . 1 Critical Strikes 6 | . . . 1 5 Burn 3 | . . . . 3 Meltdown 1 | . . . 1 . Corrupt 1 | . . . . 1 Smash 1 | . . . . 1 Melee Attacks 12 | . . . . 12 Impact 12 | . . . . 12 Slashing . | . . . . . Piercing . | . . . . . Sneak Attacks . | . . . . . Combat Hostiles . | . . . . . Follow-up Attacks . | . . . . . Damage Inflicted 3868 | . 252 733 591 2292 Guns 1059 | . 252 349 211 247 Cannons 2350 | . . 308 312 1730 Explosions 144 | . . 76 68 . Melee 276 | . . . . 276 Ramming 39 | . . . . 39 Kinetic 269 | . 196 73 . . Thermal 2136 | . . 76 256 1804 Explosive . | . . . . . Electromagnetic 1148 | . 56 584 335 173 Impact 276 | . . . . 276 Slashing . | . . . . . Piercing . | . . . . . Highest Corruption 8 | . 3 2 2 8 Average Corruption 4 | . 2 1 2 7 Corruption Purged . | . . . . . Corruption Blocked . | . . . . . Effects 33 | . 2 3 4 24 Message Errors 6 | . 1 . 2 3 Matter Fused 13 | . . 1 1 11 Heat Flow Errors 2 | . . 1 . 1 Energy Discharges 3 | . . 1 . 2 Parts Rejected 2 | . . . . 2 Data Loss (minor) 2 | . . . . 2 Data Loss (major) 2 | . 1 . . 1 Weapon Failures 3 | . . . 1 2 Overload Shots . | . . . . . Overflow Damage 102 | . . . . 102 Projectiles 44 | . . . . 44 Explosions . | . . . . . Melee 58 | . . . . 58 Knockbacks 1 | . . . . 1 Impact 1 | . . . . 1 Kinetic . | . . . . . Secondary . | . . . . . Self-Inflicted Damage 76 | . . 32 44 . Shots 2 | . . 1 1 . Rammed . | . . . . . Targets Rammed 5 | . . . . 5 Kicked 5 | . . . . 5 Crushed . | . . . . . Highest Temperature 432 | . 18 432 105 411 Average Temperature 94 | . 10 112 34 111 Received Heat Transfer 1852 | . 222 162 321 1147 Effects 5 | . . 3 . 2 Shutdowns 1 | . . . . 1 Interference 2 | . . 1 . 1 Damage (minor) 2 | . . 2 . . Siege Activations . | . . . . . Robots Corrupted 1 | . . . . 1 Combat Hostiles 1 | . . . . 1 Parts Fried 3 | . . 1 2 . Impact Corruptions 3 | . . . . 3 Robots Melted 3 | . . . 1 2 Combat Hostiles 3 | . . . 1 2 Parts Melted 9 | . . . 2 7 Heat Transferred 4128 | . . 100 365 3663 Parts Sabotaged . | . . . . . Parts Stolen . | . . . . . Parts Stripped . | . . . . . Power Chain Reactions 3 | . . 2 1 . Alert | -11 -10 -9 -9 -8 ------- Run | Yrd Mat Mat Sto Mat Peak Influence 469 | . 80 469 369 453 Initial 134 | . . 33 122 134 Average 229 | . 24 236 238 318 Maximum Alert Level 2 | . . 2 1 2 Low Security (%) 41 | 100 100 49 40 10 Level 1 45 | . . 37 60 65 Level 2 13 | . . 12 . 23 Level 3 . | . . . . . Level 4 . | . . . . . Level 5 . | . . . . . High Security . | . . . . . Max Security . | . . . . . Squads Dispatched 8 | . 1 . 3 4 Investigation . | . . . . . Extermination . | . . . . . Reinforcement 6 | . 1 . 1 4 Assault 2 | . . . 2 . Garrison . | . . . . . Intercept . | . . . . . Searches Triggered . | . . . . . Construction Impeded 2 | . . . . 2 Haulers Reinforced . | . . . . . Active Scanning Responses . | . . . . . Cargo Convoy Interrupts . | . . . . . Stealth | -11 -10 -9 -9 -8 --------- Run | Yrd Mat Mat Sto Mat Distress Signals 11 | . 1 2 2 6 Communications Jammed . | . . . . . Distress Signals . | . . . . . Times Spotted 88 | . 6 21 23 38 Peak Tracking Total 10 | . 3 6 10 5 Tactical Retreats 9 | . . 1 1 7 Traps | -11 -10 -9 -9 -8 ------- Run | Yrd Mat Mat Sto Mat Traps Triggered 6 | . 5 1 . . Indirectly . | . . . . . Trap Hack Attempts . | . . . . . Triggered . | . . . . . Disarmed . | . . . . . Reprogrammed . | . . . . . Reused . | . . . . . Traps Extracted . | . . . . . Installed . | . . . . . Triggered . | . . . . . Machines | -11 -10 -9 -9 -8 ---------- Run | Yrd Mat Mat Sto Mat Machines Disabled . | . . . . . Max in Single Turn . | . . . . . Machines Repaired . | . . . . . Machines Dismantled . | . . . . . Machines Sabotaged . | . . . . . Overloaded Fab Kills . | . . . . . Hacking | -11 -10 -9 -9 -8 --------- Run | Yrd Mat Mat Sto Mat Machines Accessed 1 | . . . 1 . Terminals 1 | . . . 1 . Fabricators . | . . . . . Repair Stations . | . . . . . Recycling Units . | . . . . . Scanalyzers . | . . . . . Garrison Access . | . . . . . Total Hacks 1 | . . . 1 . Successful 1 | . . . 1 . Failed . | . . . . . Catastrophic . | . . . . . Database Lockouts . | . . . . . Manual . | . . . . . Terminals 1 | . . . 1 . Fabricators . | . . . . . Repair Stations . | . . . . . Recycling Units . | . . . . . Scanalyzers . | . . . . . Garrison Access . | . . . . . Terminal Hacks 1 | . . . 1 . Open Door 1 | . . . 1 . Fabricator Hacks . | . . . . . Repair Station Hacks . | . . . . . Recycling Unit Hacks . | . . . . . Scanalyzer . | . . . . . Garrison Access Hacks . | . . . . . Unauthorized Hacks . | . . . . . Terminals . | . . . . . Fabricators . | . . . . . Repair Stations . | . . . . . Recycling Units . | . . . . . Scanalyzers . | . . . . . Garrison Access . | . . . . . Data Cores Recovered 1 | . . 1 . . Used . | . . . . . Hacking Detections 1 | . . . 1 . Full Trace Events . | . . . . . Feedback Events . | . . . . . Feedback Blocked . | . . . . . Robot Schematics Acquired . | . . . . . Robots Built . | . . . . . Authchips . | . . . . . Time . | . . . . . Total Robot Build Rating . | . . . . . Part Schematics Acquired . | . . . . . Parts Built . | . . . . . Authchips . | . . . . . Time . | . . . . . Total Part Build Rating . | . . . . . Parts Repaired . | . . . . . Time . | . . . . . Parts Recycled . | . . . . . Recycled Matter . | . . . . . Retrieved Matter . | . . . . . Retrieved Components . | . . . . . Parts Scanalyzed . | . . . . . Part Schematics Acquired . | . . . . . Parts Damaged . | . . . . . Bothacking | -11 -10 -9 -9 -8 ------------ Run | Yrd Mat Mat Sto Mat Used RIF Installer . | . . . . . Robots Hacked . | . . . . . Non-combat . | . . . . . Combat . | . . . . . Robot Hacks Applied . | . . . . . Relay Couplers Released . | . . . . . Fabnet Peak Effective % . | . . . . . Robots Rewired . | . . . . . Allies Hacked . | . . . . . Hacks Repelled . | . . . . . Allies | -11 -10 -9 -9 -8 -------- Run | Yrd Mat Mat Sto Mat Total Allies 2 | . . . 2 . Largest Group 2 | . . . 2 . Highest-Rated Group 62 | . . . 62 . Highest-Rated Ally 31 | . . . 31 . Total Orders . | . . . . . Ally Attacks 25 | . . . 25 . Total Damage 360 | . . . 360 . Kills 4 | . . . 4 . Allies Corrupted . | . . . . . Allies Melted . | . . . . . Intel | -11 -10 -9 -9 -8 ------- Run | Yrd Mat Mat Sto Mat Robot Analysis Total . | . . . . . Derelict Logs Recovered . | . . . . . Drone Launches . | . . . . . Drone Recoveries . | . . . . . Exploration | -11 -10 -9 -9 -8 ------------- Run | Yrd Mat Mat Sto Mat Turns Passed 1843 | 67 297 411 275 793 Spaces Moved 927 | 37 140 214 172 364 Core 20 | 9 . 1 . 10 Treads 207 | 28 140 37 . 2 Legs 700 | . . 176 172 352 Wheels . | . . . . . Hover . | . . . . . Flight . | . . . . . Fastest Speed 50 | 50 160 120 120 100 Average Speed 135 | 156 160 141 120 127 Slowest Speed 350 | 200 160 350 120 200 Overloaded Moves . | . . . . . Propulsion Burnouts . | . . . . . Robots Hopped . | . . . . . Cave-ins Triggered . | . . . . . Exploration Rate (%) 25 | 4 25 28 37 33 Regions Visited 4 Branch Regions 1 Pre-discovered Areas . | . . . . . Known Exits Taken . | . . . . . Unknown Exits Taken 4 | 1 1 1 1 . Scrap Searched . | . . . . . Spaces Dug . | . . . . . Terrain Destroyed 12 | . . 9 3 . Melee . | . . . . . Projectile . | . . . . . AOE 12 | . . 9 3 . Terrain Rammed . | . . . . . Walls Destroyed . | . . . . . Machines Disabled . | . . . . . Actions | -11 -10 -9 -9 -8 --------- Run | Yrd Mat Mat Sto Mat Total 1248 | 43 187 272 207 539 Wait 35 | . 4 . 2 29 Move 923 | 36 139 213 171 364 Hop . | . . . . . Pick Up 36 | 1 8 8 7 12 Fast Attach 32 | 6 11 6 2 7 Attach 37 | . 4 8 2 23 Detach 16 | . 4 3 2 7 Swap 6 | . 1 1 1 3 Drop 14 | . 4 5 3 2 Fire 132 | . 12 28 17 75 Melee 12 | . . . . 12 Ram . | . . . . . Kick 5 | . . . . 5 Crush . | . . . . . Escape Stasis . | . . . . . Rewire . | . . . . . Trap . | . . . . . Miscellaneous . | . . . . . Route ------- -11/Scrapyard -10/Materials -9/Materials (discovered 2 exits: [*Min] / *Sto) -9/Storage -8/Materials History --------- Turn | Location | Event 22 | -11/Scrapyard | Discovered new exit (range 15) 68 | -11/Scrapyard | Entered Materials 339 | -10/Materials | Build established: Mutant 341 | -10/Materials | Discovered new exit (range 16) 365 | -10/Materials | Entered another Materials area 365 | -9/Materials | Evolved 2 slots: Propulsion x1, Utility x1 471 | -9/Materials | Destroyed 7 combat bots 735 | -9/Materials | Discovered new exit (range 14) 757 | -9/Materials | Discovered new exit (range 5) 776 | -9/Materials | Entered Storage 951 | -9/Storage | Met a pair of Derelict thieves 1033 | -9/Storage | Discovered new exit (range 16) 1051 | -9/Storage | Entered Materials 1051 | -8/Materials | Evolved 2 slots: Power x1, Utility x1 1077 | -8/Materials | Lost 5 parts (1n2u2w) 1147 | -8/Materials | Lost 3 parts (1p1n1u) 1366 | -8/Materials | Build established: Scavenger-Mutant 1489 | -8/Materials | Lost 4 parts (1p1n1u1w) 1619 | -8/Materials | Core integrity fell below 50% 1691 | -8/Materials | Lost 5 parts (1p2n1u1w) 1800 | -8/Materials | Core integrity fell below 20% 1844 | -8/Materials | Destroyed by G-47 Trooper with Particle Gun Last Messages --------------- 01812_ G-47 Trooper heat damages core (-7). 01812_ G-47 Trooper overheating. 01815_ G-47 Trooper heat short circuits Aluminum Leg. 01815_ G-47 Trooper overheating. 01817_ G-47 Trooper heat spikes uncontrollably. 01817_ G-47 Trooper overheating. 01817_ Destroyed Lgt. Nuclear Core. 01817_ G-47 Trooper system corrupted by crushing effect. 01818_ G-47 Trooper heat spikes uncontrollably. 01818_ G-47 Trooper system terminally corrupted. 01820_ Dropped Cooling System. 01821_ Dropped Imp. Heat Sink. 01821_ Acquired Cooling System. 01831_ Acquired Adv. Treads. 01832_ K-01 Serf cleans the Fusion Modulator. 01834_ System corrupted: Component data lost. 01835_ K-01 Serf cleans the Fusion Modulator. 01843_ G-47 Trooper knocked back. Map ----- +----------------------------------------------------+ | | | | | | | | | | | | | | | | | | | | | | | ??????????????????????????????????????????????? | | ??????????????????????????????????????????????? | | ??????????????????????????????????????????????? | | ??????????????????????????????????????????????? | | ??????????????????????????????????????????????? | | ??????????????????????????????????????????????? | | ??????????????????????????##+##############???? | | ??????????????????????????# #???? | | ??????????####????????????# ######## #???? | | ??????????? #?????######## #??????# #???? | | ???????????# #?????#! # ##+#???#??# #???? | | ???????????# ####### """ # #???? #??# #???? | | ???????????# ! k/ """ # #?? ""#??# #???? | | ??????????#%####### """ # # ! T"#??# #???? | | ??????????# #?????# @/g + ""#??# #???? | | ??????????# #?????# ! # # #??# #???? | | ########??# #?????######## #?? #??# #???? | | # #??# #??########### #????###??# #???? | | # """#??# #??# # #?????????# #???? | | # """#??# #??# # ########### #???? | | + """#??# #??# """ # # ! ! ## #???? | | # #??# #??# """"" # # ##!#???? | | #? ???# #??# """"" # # [ ## #???? | | ####+###### #### """"" # # ## #???? | | # + % + """ / %/ ## #???? | | # ###### # # ## #???? | | # #????######+#### # ## #???? | | %+ """ """ #???????# # # ## #???? | | # """ """ #???????# # # / #???? | | # """ """ #???????#""" + ###########+####? | | %# #???????#""" # # = # #? | | # #???????#""" # %# #"" #? | | ###########???????# # # """ #"T #? | | # #????????######## %# """"" !#"" #? | | # """ #??????????? ???# %+ """"" # #? | | # "R = #???????????""??# # """"" # #? | | + """ #????????????" ?# # """ # #? | | # #????????????? # # # ! #? | | # ] #?????????????? # ###/####### #? | +----------------------------------------------------+ Best States ------------- Heat Dissipation 69 Energy Generation 23 Energy Capacity 340 Matter Stores 300 Matter Capacity 300 Sight Range 16 Robot Scan Range 14 Terrain Scan Density 10 Additional Mass Support 6 Armor Coverage 225 Evasion (%) 55 Targeting Accuracy 5 Recoil Reduction 2 Item Schematics ----------------- None Robot Schematics ------------------ None Fabricated ------------ Nothing Alien Tech Used ----------------- None Achievements -------------- None Challenges ------------ None Game ------ Seed ImprovedLinkedKinecellerator Manual? 0 Play Time 00:19:21 Cumulative 86.4 hours Start 2025.03.28 @ 22:51:39 End 2025.03.28 @ 23:12:46 Sessions 1 Manual Loads 0 Difficulty Rogue Special Mode None Game No. 174 Rogue 174 Adventurer 0 Explorer 0 Win Type - Total 0 Types 0/0/0/0/0/0/0/0/0 Lore% 22 Gallery% 42 Achievement% 33 Wizard Run 0 Options --------- Layout 1 ASCII 0 Keyboard 1 Movement Arrows Keybinds 0 Fullscreen 2 Font 24/Smallcaps Map View 50x35 Zoom Use 0% Tactical HUD 1 Map Filters NONE Filters NONE Steam 1 RUN: fe7d45fe-64e5-47b9-8777-48972f6e976d